 Dungeon Crawl Stone Soup version bcrawl-1.40.3b (webtiles) character file.

Game seed: 3883943399455970396

480239 Galewind the Devastator (level 14, -2/84 HPs)
             Began as an Avariel Conjurer on Mar 14, 2024.
             Was an Elder of Vehumet.
             Slain by an anaconda (3 damage)
             ... on level 6 of the Lair of Beasts.
             The game lasted 00:20:09 (15508 turns).

Galewind the Devastator (Avariel Conjurer)         Turns: 15508, Time: 00:20:10

Health: -2/84      AC:  7    Str:  6    XL:     14   Next: 4%
Magic:  25/35      EV: 18    Int: 31    God:    Vehumet [****..]
Gold:   927        SH:  0    Dex: 13    Spells: 27/43 levels left

rFire    + . .     GDR:     25%   - Fists (3.0)
rCold    + . .     SeeInvis .   (no shield)
rNeg     . . .     Gourm    .   B - +0 robe {rC+ rF+}
rPois    .         Faith    +   n - +2 hat
rElec    .         Spirit   .   A - +0 cloak
rCorr    .         Reflect  .   G - +0 pair of gloves
MR       +....                  t - +0 pair of boots
Stlth    ++++......             F - amulet of faith
HPRegen  0.24/turn              I - ring of stealth
MPRegen  0.24/turn              H - +4 ring of intelligence

@: lethally poisoned (-2 -> -36), flying quickly and evasively, constricted,
quick
A: able to fly
a: Stop Flying, Renounce Religion


You were on level 6 of the Lair of Beasts.
You worshipped Vehumet.
Vehumet was greatly pleased with you.
You were hungry.

You visited 3 branches of the dungeon, and saw 15 of its levels.

You collected 1157 gold pieces.
You spent 230 gold pieces at shops.

Inventory:

Missiles
 h - 2 throwing nets {=f}
Armour
 n - a +2 hat (worn)
 t - a +0 pair of boots (worn)
 A - a +0 cloak (worn)
 B - a +0 robe of resistance (worn)
 D - a +2 buckler of protection
 G - a +0 pair of gloves (worn)
Jewellery
 y - an uncursed ring of fire
 F - an amulet of faith (around neck)
 H - a +4 ring of intelligence (right hand)
 I - a ring of stealth (left hand)
Wands
 a - a wand of digging (11)
 E - a wand of random effects (1)
Scrolls
 b - 3 scrolls of amnesia
 f - 2 scrolls of fear
 g - 7 scrolls of fog
 j - 5 scrolls of teleportation
 m - a scroll of blinking
 o - 2 scrolls of noise
 p - 11 scrolls of revelation
 q - 7 scrolls of remove curse
 r - 4 scrolls of enchant weapon
Potions
 c - 3 potions of magic
 d - 5 potions of heal wounds
 k - 6 potions of curing
 l - 2 potions of resistance
 s - 3 potions of cancellation
 u - a potion of mutation
 v - 2 potions of haste
 w - 5 potions of brilliance
 x - 2 potions of agility
 z - 3 potions of flight
 C - 2 potions of lignification
Comestibles
 e - 28 rations {!d}


   Skills:
 - Level 8.0 Fighting
 + Level 10.9 Dodging
 - Level 2.1 Stealth
 - Level 15.0 Spellcasting
 - Level 15.0 Conjurations
 - Level 2.0 Charms
 - Level 3.0 Fire Magic
 - Level 12.0 Air Magic
 - Level 3.3 Evocations


You had 27 spell levels left.
You knew the following spells:

 Your Spells              Type           Power        Failure   Level  Hunger
a - Magic Dart            Conj           ####         0%          1    None
b - Searing Ray           Conj           #######.     0%          2    None
c - Iskenderun's Mystic   Conj           #######.     0%          3    None
d - Lightning Bolt        Conj/Air       #######.     1%          4    None
e - Swiftness             Chrm/Air       ######..     1%          2    None
f - Sticky Flame          Conj/Fire      ######..     1%          4    None

Your spell library contained the following spells:

 Spells                   Type           Power        Failure   Level  Hunger
 Static Discharge         Air            ######       0%          1    None
 Shock                    Conj/Air       #######      0%          2    None
 Apportation              Tloc           ###...       1%          1    None
 Corona                   Hex            ###....      1%          1    None
 Infusion                 Chrm           #####...     1%          1    None
 Sandblast                Erth           ###...       1%          1    None
 Slow                     Hex            ###.....     1%          1    None
 Summon Butterflies       Summ           ###.....     1%          1    None
 Conjure Flame            Conj/Fire      ######..     1%          3    None
 Mephitic Cloud           Conj/Pois/Air  ######..     1%          3    None
 Fulminant Prism          Conj/Hex       ######....   1%          4    None
 Irradiate                Conj/Tmut      ######....   1%          5    None
 Blink                    Tloc           N/A          3%          2    None
 Call Imp                 Summ           ###...       3%          2    None
 Spider Form              Tmut/Pois      ###          6%          3    None


Dungeon Overview and Level Annotations

Branches:
Dungeon (8/12)             Temple (1/1) D:6            Lair (6/6) D:8
 Shoals (0/3) Lair:2        Snake (0/3) Lair:2          Orc (0/1) D:8
 Forest (0/3) Lair:5

Altars:
Ashenzari
Cheibriados
Dithmenos
Elyvilon
Fedhas
Gozag
Hepliaklqana
Kikubaaqudgha
Lugonu
Makhleb
Nemelex Xobeh
Okawaru
Qazlal
Ru
Sif Muna
Trog
Uskayaw
Vehumet
Wu Jian
Xom
Yredelemnul
Zin
The Shining One
Jiyva

Shops:
D:4 ?

Annotations:
Lair:2 3 runed translucent doors, Galewind's ghost, journeyman AvCj


Innate Abilities, Weirdness & Mutations

You can fly continuously.


Message History

Aiming: Lightning Bolt (safe; 1% risk of failure)
Press: ? - help, Shift-Dir - straight line, f/p - anaconda
Aim: an anaconda (heavily wounded, constricting you)
You hear a mighty clap of thunder!
The bolt of lightning hits the anaconda.
The anaconda is severely wounded.
The bolt of lightning hits the rime drake.
The rime drake is lightly wounded.
You feel sick.
You hear a roar!
You hear a croak.
You hear an angry hiss.
The anaconda closely misses you. The anaconda constricts you.
The cane toad hits you!
* * * LOW HITPOINT WARNING * * *
The cane toad hits you!
* * * LOW HITPOINT WARNING * * *
You are more poisoned.
The cane toad poisons you! The cane toad hits you.
* * * LOW HITPOINT WARNING * * *
The anaconda barely misses you.
You die...

...#.#
......
####....# #
#.......#
#p.
##P.....#
#..P#P.....
p.....FFF#
......S@#
......k##
...#.## . #


You could see an anaconda, 3 cane toads, a rime drake and 2 neutral humans.

Vanquished Creatures
  Rupert (Lair:5)
  Kirke (Lair:6)
  Nessos (Lair:5)
  Josephine (Lair:5)
  7 hydras
  A death yak (Lair:4)
  2 oklob plants (Lair:2)
  A manticore (Lair:2)
  2 torpor snails
  2 black mambas (Lair:5)
  7 cane toads
  3 rime drakes
  4 komodo dragons
  A troll (D:8)
  A queen bee (D:8)
  A polar bear (Lair:4)
  7 hippogriffs
  22 blink frogs
  2 dream sheep (Lair:2)
  Sigmund (D:2)
  A wyvern (Lair:3)
  5 wraiths
  38 yaks
  Eustachio (D:6)
  3 hungry ghosts
  8 crocodiles
  3 nagas (Lair:2)
  7 water moccasins
  Duvessa (D:7)
  7 porcupines
  A necrophage (D:7)
  8 orc warriors
  3 ice beasts
  3 black bears
  2 sky beasts
  4 ogres
  2 phantoms (D:8)
  12 bullfrogs
  6 kobold brigands
  3 gnoll sergeants (D:8)
  A centaur (D:8)
  2 scorpions
  Dowan (D:7)
  19 killer bees
  9 wights
  2 orc priests
  2 crimson imps (D:4)
  A bullfrog zombie (D:5)
  A quasit (D:8)
  Crazy Yiuf (D:6)
  3 hounds
  4 jellies
  5 iguanas
  7 orc wizards
  4 worker ants
  3 hound skeletons
  Robin (D:4)
  5 adders
  11 gnolls
  An ooze (D:2)
  3 adder zombies
  2 adder skeletons
  5 worms (D:2)
  4 dart slugs
  A leopard gecko (D:2)
  37 orcs
  5 bats
  3 giant cockroaches
  15 goblins
  6 hobgoblins
  8 jackals
  9 kobolds
  4 quokkas
  3 frilled lizards
  7 rats
  A plant (Lair:2)
382 creatures vanquished.

Vanquished Creatures (others)
  8 fungi
  7 plants
15 creatures vanquished.

Grand Total: 397 creatures vanquished

Notes
Turn   | Place    | Note
-------+----------+-------------------------------------------
     0 | D:1      | Galewind the Avariel Conjurer began the quest for the Orb.
     0 | D:1      | Reached XP level 1. HP: 10/10 MP: 6/6
   103 | D:1      | Reached XP level 2. HP: 15/15 MP: 4/7
   474 | D:1      | Learned a level 2 spell: Searing Ray
   696 | D:1      | Reached XP level 3. HP: 19/19 MP: 7/9
   700 | D:1      | Learned a level 3 spell: Iskenderun's Mystic Blast
  1179 | D:2      | Noticed Sigmund
  1215 | D:2      | Killed Sigmund
  1216 | D:2      | Reached XP level 4. HP: 23/24 MP: 0/12
  1216 | D:2      | Reached XP level 5. HP: 27/28 MP: 0/13
  1425 | D:2      | Reached XP level 6. HP: 32/32 MP: 9/14
  2244 | D:3      | Got a steaming turquoise ring
  2647 | D:3      | Identified the ring "Anevvan" {+Fly Str+3 Stlth-} (You
                  | found it on level 3 of the Dungeon)
  2897 | D:3      | Found a shadowy altar of Dithmenos.
  3211 | D:4      | Found Guve's Magic Scroll Shoppe.
  3219 | D:4      | Bought a scroll of revelation for 40 gold pieces
  3219 | D:4      | Bought a scroll of remove curse for 30 gold pieces
  3219 | D:4      | Bought a scroll of amnesia for 35 gold pieces
  3219 | D:4      | Bought a scroll of identify for 20 gold pieces
  3219 | D:4      | Bought a scroll of enchant weapon for 75 gold pieces
  3219 | D:4      | Bought a scroll of teleportation for 30 gold pieces
  3352 | D:4      | Noticed a hippogriff
  3356 | D:4      | Killed a hippogriff
  3357 | D:4      | Reached skill level 5 in Spellcasting
  3357 | D:4      | Reached XP level 7. HP: 20/37 MP: 3/17
  3429 | D:4      | Noticed Robin
  3448 | D:4      | Killed Robin
  3953 | D:5      | Entered Level 5 of the Dungeon
  3953 | D:5      | Noticed a hippogriff
  3958 | D:5      | Killed a hippogriff
  4034 | D:5      | Reached skill level 10 in Conjurations
  4034 | D:5      | Reached XP level 8. HP: 42/42 MP: 15/19
  4324 | D:5      | Found a white marble altar of Elyvilon.
  5022 | D:5      | Reached skill level 1 in Fighting
  5208 | D:6      | Found a staircase to the Ecumenical Temple.
  5216 | D:6      | Gained mutation: You can fly continuously. [Avariel growth]
  5216 | D:6      | Reached XP level 9. HP: 47/47 MP: 7/23
  5271 | Temple   | Entered the Ecumenical Temple
  5401 | Temple   | Became a worshipper of Vehumet
  5426 | D:6      | Noticed Eustachio
  5429 | D:6      | Killed Eustachio
  5660 | D:6      | Found a runed door.
  5728 | D:6      | Found an opulent altar of Gozag.
  5957 | D:6      | Noticed Crazy Yiuf
  5959 | D:6      | Killed Crazy Yiuf
  6022 | D:7      | Noticed Dowan
  6048 | D:7      | Reached skill level 10 in Spellcasting
  6352 | D:7      | Killed Dowan
  6389 | D:7      | Reached * piety under Vehumet
  6389 | D:7      | Offered knowledge of Freeze by Vehumet.
  6759 | D:7      | Found an ancient bone altar of Kikubaaqudgha.
  6793 | D:7      | Found a blossoming altar of Fedhas.
  6841 | D:7      | Reached skill level 5 in Dodging
  6844 | D:7      | Reached XP level 10. HP: 54/58 MP: 8/26
  6874 | D:7      | Reached skill level 5 in Fighting
  6957 | D:7      | Noticed Duvessa
  6962 | D:7      | Killed Duvessa
  7238 | D:7      | Learned a level 4 spell: Lightning Bolt
  7241 | D:7      | Learned a level 2 spell: Swiftness
  7495 | D:8      | Reached ** piety under Vehumet
  7503 | D:7      | Offered knowledge of Flame Tongue by Vehumet.
  7590 | D:8      | Found a hazy altar of Hepliaklqana.
  7638 | D:8      | Reached skill level 1 in Evocations
  7677 | D:8      | Reached skill level 1 in Charms
  7677 | D:8      | Reached skill level 1 in Air Magic
  7873 | D:8      | Reached skill level 5 in Air Magic
  8041 | D:8      | Offered knowledge of Inner Flame by Vehumet.
  8064 | D:8      | Found a staircase to the Lair.
  8229 | D:8      | Reached XP level 11. HP: 63/63 MP: 17/27
  8296 | D:8      | Found a staircase to the Orcish Mines.
  8308 | D:8      | Reached *** piety under Vehumet
  9002 | D:8      | Offered knowledge of Stone Arrow by Vehumet.
  9106 | Lair:1   | Entered Level 1 of the Lair of Beasts
 10364 | Lair:2   | Found a staircase to the Shoals.
 10364 | Lair:2   | Noticed a manticore
 10368 | Lair:2   | Killed a manticore
 10373 | Lair:2   | Reached XP level 12. HP: 61/68 MP: 8/30
 10626 | Lair:2   | Reached **** piety under Vehumet
 10648 | Lair:2   | Reached skill level 15 in Conjurations
 10871 | Lair:2   | Reached skill level 10 in Air Magic
 11126 | Lair:2   | Found a staircase to the Snake Pit.
 11129 | Lair:2   | Offered knowledge of Bolt of Magma by Vehumet.
 11192 | Lair:2   | Found a runed translucent gate.
 11192 | Lair:2   | Found a runed translucent gate.
 11192 | Lair:2   | Found a runed translucent gate.
 11193 | Lair:2   | Noticed Galewind's ghost (journeyman AvCj)
 11195 | Lair:2   | Noticed a death ooze
 11198 | Lair:2   | Found a viscous altar of Jiyva.
 11516 | Lair:3   | Noticed an eight-headed hydra
 11522 | Lair:3   | Killed an eight-headed hydra
 12460 | Lair:4   | Noticed a five-headed hydra
 12473 | Lair:4   | Killed a five-headed hydra
 12678 | Lair:4   | Reached XP level 13. HP: 78/78 MP: 22/31
 12740 | Lair:4   | Reached ***** piety under Vehumet
 12831 | Lair:4   | Offered knowledge of Sticky Flame by Vehumet.
 12840 | Lair:4   | Learned a level 4 spell: Sticky Flame
 13446 | Lair:5   | Noticed Josephine
 13546 | Lair:5   | Noticed Nessos
 13553 | Lair:5   | Killed Nessos
 13829 | Lair:5   | Noticed Rupert
 13848 | Lair:5   | HP: 2/78 [five-headed hydra (7)]
 14306 | Lair:5   | HP: 1/78 [yak (7)]
 14500 | Lair:4   | HP: 3/78 [five-headed hydra (14)]
 14508 | Lair:4   | Reached skill level 15 in Spellcasting
 14717 | Lair:5   | Killed Josephine
 14997 | Lair:5   | Found a staircase to the Spriggan Forest.
 15157 | Lair:5   | Paralysed by Rupert for 3 turns
 15162 | Lair:5   | Killed Rupert
 15163 | Lair:5   | Reached skill level 10 in Dodging
 15372 | Lair:6   | Entered Level 6 of the Lair of Beasts
 15372 | Lair:6   | Noticed Kirke
 15376 | Lair:6   | Killed Kirke
 15377 | Lair:6   | Reached XP level 14. HP: 84/84 MP: 26/35
 15508 | Lair:6   | HP: 3/84 [cane toad (12)]
 15508 | Lair:6   | HP: 1/84 [cane toad (2)]
 15508 | Lair:6   | Slain by an anaconda

Skill      XL: |  1  2  3  4  5  6  7  8  9 10 11 12 13 |
---------------+----------------------------------------+-----
Conjurations   | 6 8 9 10 11 12 14 15 | 15.0
Spellcasting   | 3 4 5 6 8 10 12 15 | 15.0
Dodging        | 3 4 5 8 10 | 10.9
Fighting       | 1 4 5 8 |  8.0
Evocations     | 3 |  3.3
Charms         | 2 |  2.0
Air Magic      | 7 8 12 | 12.0
Fire Magic     | 3 |  3.0
Stealth        | |  2.1

Action                   |  1- 3 |  4- 6 |  7- 9 | 10-12 | 13-15 || total
-------------------------+-------+-------+-------+-------+-------++-------
Melee: Unarmed           |     5 |     1 |     4 |     5 |     1 ||    16
 Cast: Magic Dart        |    50 |    52 |    13 |    11 |       ||   126
       Searing Ray       |     3 |     6 |    15 |     5 |       ||    29
       Iskenderun's Myst |       |     9 |    93 |   280 |    82 ||   464
       Lightning Bolt    |       |       |       |    33 |    53 ||    86
       Swiftness         |       |       |       |     1 |     1 ||     2
       Sticky Flame      |       |       |       |       |     1 ||     1
Evoke: Wand              |       |       |       |     7 |     2 ||     9
  Use: Potion            |     2 |       |       |     1 |     2 ||     5
       Scroll            |     1 |     4 |     4 |     5 |     6 ||    20
  Eat: Chunk             |     2 |     7 |    16 |    24 |    10 ||    59
Armor: Skin              |     6 |       |       |       |       ||     6
       Robe              |     1 |     6 |     8 |    12 |    23 ||    50
Dodge: Dodged            |     6 |    14 |    27 |   131 |   119 ||   297
